 Dungeon Crawl Stone Soup version 0.30-a0-711-gf4ac18a38d (webtiles) character file.

Game seed: 16118654432285950188

28952 rogsnak the Geomancer (level 13, -3/86 HPs)
             Began as a Human Earth Elementalist on Jan 21, 2023.
             Was a High Priest of Sif Muna.
             Shot with a bolt by a tengu warrior (17 damage)
             ... on level 13 of the Dungeon on Jan 23, 2023.
             The game lasted 00:58:56 (18714 turns).

rogsnak the Geomancer (Human Earth Elementalist)   Turns: 18714, Time: 00:58:57

Health: -3/86      AC: 15    Str: 16    XL:     13   Next: 77%
Magic:  15/28      EV: 12    Int: 24    God:    Sif Muna [*****.]
Gold:   801        SH:  5    Dex: 13    Spells: 21/35 levels left

rFire   + . .      SeeInvis +    d - +3 great sword "Nuonergh" {freeze, Str+4 SInv}
rCold   + . .      Faith    .    (shield currently unavailable)
rNeg    + . .      Spirit   .    T - +1 ring mail of Wu Jian's Envy {rC+ Will+ Int+3}
rPois   +          Reflect  +    x - +2 hat
rElec   .          Harm     .    (no cloak)
rCorr   .          Rampage  .    C - +0 pair of gloves
Will    +....                    V - +0 pair of boots
Stlth   +                        O - amulet of reflection
HPRegen 0.34/turn                o - +4 ring of protection
MPRegen 0.21/turn                a - ring of Beogh's Grace {rPois rF+ rN+ Str+3}

@: no status effects
A: no striking features
a: Renounce Religion, Channel Magic, Forget Spell, Divine Exegesis


You were on level 13 of the Dungeon.
You worshipped Sif Muna.
Sif Muna was extremely pleased with you.
You visited 2 branches of the dungeon, and saw 14 of its levels.
You also visited: Bailey and Ice Cave.

You collected 801 gold pieces.

Inventory:

Hand Weapons
 d - the +3 great sword "Nuonergh" (weapon) {freeze, Str+4 SInv}
   (You took it off an orc high priest in a bailey)

   Str:       It affects your strength (+4).
   SInv:      It lets you see invisible.
 l - a +1 demon trident of freezing
 t - a +3 dagger of venom
 F - a +2 short sword of electrocution
Missiles
 U - 3 curare-tipped darts
Armour
 i - a +2 robe of positive energy
 k - a +0 buckler of cold resistance
 w - a +2 robe of resistance
 x - a +2 hat (worn)
 y - the +1 ring mail of the Moon {rCorr}
   (You took it off an orc high priest in a bailey)

   rCorr:     It protects you from acid and corrosion.
 C - a +0 pair of gloves (worn)
 K - a +0 troll leather armour
 T - the +1 ring mail of Wu Jian's Envy (worn) {rC+ Will+ Int+3}
   (You found it on level 9 of the Dungeon)

   Int:       It affects your intelligence (+3).
   rC:        It protects you from cold.
   Will:      It increases your willpower.
 V - a +0 pair of boots (worn)
Jewellery
 a - the ring of Beogh's Grace (right hand) {rPois rF+ rN+ Str+3}
   (You acquired it in a bailey)

   [ring of poison resistance]

   Str:       It affects your strength (+3).
   rF:        It protects you from fire.
   rPois:     It protects you from poison.
   rN:        It protects you from negative energy.
 j - a ring of willpower
 o - a +4 ring of protection (left hand)
 O - an amulet of reflection (around neck)
 Q - a ring of protection from cold
Wands
 g - a wand of flame (14)
 n - a wand of roots (11)
 z - a wand of charming (9)
 L - a wand of polymorph (6)
 S - a wand of mindburst (5)
 W - a wand of quicksilver (6)
 Y - a wand of digging (5)
Scrolls
 c - 5 scrolls of magic mapping {unknown}
 e - 5 scrolls of enchant armour
 h - 7 scrolls of teleportation {unknown}
 p - 5 scrolls of fear {unknown}
 q - 7 scrolls of fog {unknown}
 v - 3 scrolls of enchant weapon {unknown}
 A - a scroll of blinking {unknown}
 D - 4 scrolls of amnesia
 I - a scroll of butterflies
 M - 4 scrolls of poison {unknown}
 N - a scroll of immolation
Potions
 b - 2 potions of magic
 f - 5 potions of curing
 m - 2 potions of haste
 r - 2 potions of flight
 s - 2 potions of heal wounds
 u - 3 potions of might
 B - 3 potions of attraction {unknown}
 E - a potion of invisibility
 G - 2 potions of brilliance {unknown}
 H - 3 potions of berserk rage {unknown}
 J - 3 potions of resistance {unknown}
 R - a potion of cancellation
 X - 4 potions of degeneration {unknown}
 Z - a potion of mutation


   Skills:
 + Level 3.0 Fighting
 - Level 0.1 Long Blades
 + Level 4.6 Armour
 + Level 4.9 Dodging
 - Level 2.0 Stealth
 + Level 0.1 Shields
 + Level 11.9 Spellcasting
 + Level 11.0 Conjurations
 + Level 1.5 Necromancy
 + Level 1.0 Transmutations
 * Level 4.5 Air Magic
 + Level 12.6 Earth Magic


You had 21 spell levels left.
You knew the following spells:

 Your Spells              Type           Power      Damage    Failure   Level
a - Sandblast             Erth           100%       2d20      1%          1
b - Stone Arrow           Conj/Erth      100%       3d13      1%          3
c - Borgnjor's Vile Clut  Necr/Erth      24%        N/A       12%         5
d - Lightning Bolt        Conj/Air       25%        1d41      9%          5

Your spell library contained the following spells:

 Spells                   Type           Power      Damage    Failure   Level
 Passwall                 Tmut/Erth      39%        N/A       1%          2
 Static Discharge         Conj/Air       100%       2-7/arc   1%          2
 Hailstorm                Conj/Ice       40%        3d10      2%          3
 Poisonous Vapours        Pois/Air       50%        N/A       4%          2
 Petrify                  Tmut/Erth      47%        N/A       4%          4
 Sting                    Tmut/Pois      64%        1d6       6%          1
 Slow                     Hex            56%        N/A       8%          1
 Vhi's Electric Charge    Tloc/Air       50%        N/A       9%          3
 Arcjolt                  Conj/Air       25%        1d35      9%          5
 Iron Shot                Conj/Erth      31%        9d6       10%         6
 Ensorcelled Hibernation  Hex/Ice        28%        N/A       12%         2
 Kindle Blastsparks       Fire/Tloc/Air  42%        2d13      13%         3
 Vampiric Draining        Necr           21%        2d7       13%         3
 Fireball                 Conj/Fire      20%        3d10      22%         5
 Confusing Touch          Hex            14%        N/A       24%         3
 Frozen Ramparts          Ice            28%        1d5       24%         3
 Tukima's Dance           Hex            14%        N/A       24%         3
 Animate Dead             Necr           21%        N/A       38%         4
 Olgreb's Toxic Radiance  Pois           14%        N/A       61%         4
 Passage of Golubria      Tloc           14%        N/A       61%         4
 Yara's Violent Unravell  Hex/Tmut       8%         3d5       87%         5
 Death Channel            Necr           10%        N/A       100%        6
 Maxwell's Capacitive Co  Air            18%        ∞         100%        8
 Chain Lightning          Conj/Air       25%        3d34      100%        9


Dungeon Overview and Level Annotations

Branches:
Dungeon (13/15)            Temple (1/1) D:5            Lair (0/5) D:9
    Orc (0/2) D:12         Bailey (visited)           IceCv (visited)
 Vaults: D:13-14

Altars:
Ashenzari
Cheibriados
Dithmenos
Elyvilon
Fedhas
Gozag
Hepliaklqana
Kikubaaqudgha
Makhleb
Nemelex Xobeh
Okawaru
Ru
Sif Muna
Trog
Uskayaw
Vehumet
Wu Jian
Xom
Zin
The Shining One

Annotations:
D:10 1 runed translucent door, Palms's ghost, journeyman VSFi
D:12 Rupert


Message History

The stone arrow hits the purple ugly thing!!
The purple ugly thing is heavily wounded.
The zombie hands constrict the purple ugly thing!
The zombie hands constrict the tengu warrior.
The tengu warrior shoots a bolt.
The bolt closely misses you.
The purple ugly thing struggles to escape constriction.
The tengu warrior struggles to escape constriction.
Unknown command.
Unknown command.
Casting: Stone Arrow (safe; 1% risk of failure)
Confirm with . or Enter, or press ? or * to list all spells.
Aiming: Stone Arrow (safe; 1% risk of failure)
Press: ? - help, Shift-Dir - straight line, f/p - tengu warrior
Aim: a tengu warrior, wielding a +0 arbalest and wearing a +0 leather armour (lightly wounded, constricted by zombie hands, 98% to hit)
The stone arrow hits the purple ugly thing!!
The purple ugly thing is almost dead.
The zombie hands constrict the purple ugly thing.
The zombie hands constrict the tengu warrior!
The tengu warrior shoots a bolt.
The bolt hits you!
The purple ugly thing struggles to escape constriction.
The tengu warrior struggles to escape constriction.
Unknown command.
Unknown command.
Casting: Stone Arrow (safe; 1% risk of failure)
Confirm with . or Enter, or press ? or * to list all spells.
Aiming: Stone Arrow (safe; 1% risk of failure)
Press: ? - help, Shift-Dir - straight line, f/p - tengu warrior
Aim: a tengu warrior, wielding a +0 arbalest and wearing a +0 leather armour (moderately wounded, constricted by zombie hands, 98% to hit)
The stone arrow hits the purple ugly thing!
You kill the purple ugly thing!
Sif Muna accepts your kill.
The zombie hands constrict the tengu warrior.
The tengu warrior shoots a bolt.
The bolt hits you!!
* * * LOW HITPOINT WARNING * * *
The tengu warrior struggles to escape constriction.
Unknown command.
Unknown command.
The zombie hands release their grip on the tengu warrior.
The tengu warrior shoots a bolt.
The bolt hits you!
You die...

####### #.....# #.....# #.....#
##### ##########..######## ##....
#...Q.Q.....###....## #..##.
#.######Q..<@.......####.###. #.#
#............#...^##.. #.#
#............#.#####..
##.######..####.##..##.# #..
####...............##..##.## #..
#....u≈~~~~~~~.............# #..
#..~Q~~~≈...~~~.~~.........# ##.
#..≈~.~~........~~~≈~......# #.
...~~.....∩..∩.^..~≈~..##.#######


You could see 2 tengu warriors.

Vanquished Creatures
  A hydra (D:13)
  2 centaur warriors
  Erica (D:8)
  A boulder beetle (D:11)
  4 two-headed ogres
  2 orc high priests (Bailey)
  A bog body (IceCv)
  A necromancer (IceCv)
  2 ugly things
  An orc knight (Bailey)
  A deep elf pyromancer (D:12)
  2 cyclopes
  2 ice statues (IceCv)
  2 unseen horrors
  6 ice devils
  A komodo dragon (D:9)
  2 anaconda simulacra (IceCv)
  A polar bear (D:13)
  6 trolls
  Grinder (D:4)
  A hornet (D:9)
  10 slime creatures
  2 centaur simulacra (D:13)
  A shadow (D:12)
  15 yaks
  2 water elementals (D:13)
  Sigmund (D:2)
  2 wyverns
  2 dire elephant simulacra (IceCv)
  A basilisk (D:13)
  3 steam dragons
  4 vampire mosquitoes
  3 harpy simulacra (IceCv)
  An acid dragon (D:8)
  A water moccasin (D:4)
  3 hydra simulacra (IceCv)
  15 orc warriors
  4 sky beasts
  4 ogres
  A wolf (D:13)
  5 centaurs
  A phantom (D:4)
  5 kobold brigands
  A gnoll sergeant (D:8)
  5 bullfrogs
  A necrophage (D:5)
  2 scorpions (D:6)
  6 wights
  21 killer bees
  An elephant simulacrum (IceCv)
  2 howler monkeys
  7 electric eels
  4 jellies
  9 orc priests
  7 hounds
  2 gnoll boudas (D:8)
  Natasha (thrice) (D:2)
  An iguana (D:7)
  21 orc wizards
  A troll simulacrum (IceCv)
  A wolf simulacrum (IceCv)
  A boggart simulacrum (D:13)
  24 gnolls
  11 adders
  A white imp (D:13)
  5 ufetubi
  3 worms
  A dart slug (D:4)
  38 orcs
  7 ball pythons
  8 endoplasms
  3 giant cockroaches
  9 hobgoblins
  9 jackals
  A quokka (D:1)
  5 bats
  4 frilled lizards
  16 goblins
  26 kobolds
  5 rats
399 creatures vanquished.

Vanquished Creatures (collateral kills)
  2 orc wizards (D:11)
  2 orcs (D:11)
4 creatures vanquished.

Vanquished Creatures (others)
  A rat (D:2)
  3 plants
4 creatures vanquished.

Grand Total: 407 creatures vanquished

Notes
Turn   | Place    | Note
-------+----------+-------------------------------------------
     0 | D:1      | rogsnak the Human Earth Elementalist began the quest for
                  | the Orb.
     0 | D:1      | Reached XP level 1. HP: 13/13 MP: 3/3
   449 | D:1      | Reached XP level 2. HP: 18/19 MP: 1/5
  1083 | D:2      | Reached XP level 3. HP: 24/24 MP: 4/6
  1087 | D:2      | Learned a level 3 spell: Stone Arrow
  1324 | D:2      | Noticed Sigmund
  1342 | D:2      | Killed Sigmund
  1343 | D:2      | Reached skill level 1 in Conjurations
  1343 | D:2      | Reached skill level 4 in Earth Magic
  1343 | D:2      | Reached XP level 4. HP: 9/30 MP: 3/9
  1343 | D:2      | Reached XP level 5. HP: 11/35 MP: 3/10
  1343 | D:2      | Reached XP level 6. HP: 13/41 MP: 3/11
  1686 | D:2      | Noticed Natasha
  1800 | D:2      | Killed Natasha
  2067 | D:2      | Noticed Natasha
  2072 | D:2      | Killed Natasha
  2348 | D:2      | Noticed Natasha
  2354 | D:2      | Killed Natasha
  3019 | D:3      | Reached skill level 5 in Earth Magic
  3046 | D:3      | Found a burning altar of Makhleb.
  3155 | D:4      | Noticed a water moccasin
  3172 | D:4      | Reached XP level 7. HP: 45/46 MP: 11/13
  3463 | D:4      | Found an ornate altar of the Wu Jian Council.
  3463 | D:4      | Noticed Grinder
  3486 | D:4      | Killed Grinder
  3487 | D:4      | Reached skill level 5 in Spellcasting
  3785 | D:4      | Reached XP level 8. HP: 26/53 MP: 12/15
  3967 | D:4      | Reached skill level 1 in Fighting
  3967 | D:4      | Reached skill level 6 in Earth Magic
  4157 | D:4      | Found a sacrificial altar of Ru.
  4245 | D:5      | Entered Level 5 of the Dungeon
  4840 | D:5      | You fall into a shaft and drop 1 floor!
  5008 | D:5      | Found a staircase to the Ecumenical Temple.
  5015 | Temple   | Entered the Ecumenical Temple
  5037 | Temple   | Became a worshipper of Sif Muna the Loreminder
  5066 | D:5      | Reached XP level 9. HP: 59/59 MP: 13/18
  5388 | D:6      | Found a hazy altar of Hepliaklqana.
  5700 | D:6      | Reached skill level 7 in Earth Magic
  5765 | D:6      | Reached skill level 5 in Conjurations
  6845 | D:7      | Noticed a troll
  7029 | D:7      | Reached * piety under Sif Muna
  7272 | D:7      | Killed a troll
  7273 | D:7      | Reached skill level 8 in Earth Magic
  7433 | D:8      | Noticed Erica
  7487 | D:8      | Reached XP level 10. HP: 48/65 MP: 17/21
  7719 | D:8      | Identified the +0 quarterstaff "Xicvegis" {drain, *Rage
                  | Str+3 Dex+5}
  7897 | D:7      | Reached ** piety under Sif Muna
  7969 | D:8      | Reached skill level 1 in Armour
  8185 | D:8      | Noticed a centaur warrior
  8235 | D:8      | Killed a centaur warrior
  8236 | D:8      | Reached skill level 9 in Earth Magic
  8334 | D:8      | Killed Erica
  8525 | D:8      | Noticed a centaur warrior
  8530 | D:8      | Noticed a cyclops
  8721 | D:8      | Killed a cyclops
  8722 | D:8      | Reached XP level 11. HP: 72/72 MP: 7/23
  9068 | D:8      | Learned a level 5 spell: Borgnjor's Vile Clutch
  9557 | D:9      | Identified the +1 ring mail of Wu Jian's Envy {rC+ Will+
                  | Int+3}
 10071 | D:9      | Reached skill level 10 in Earth Magic
 10125 | D:9      | Reached *** piety under Sif Muna
 10413 | D:9      | Found a staircase to the Lair.
 10695 | D:10     | Entered Level 10 of the Dungeon
 10841 | D:10     | Found a flagged portal.
 10904 | Bailey   | Entered a bailey
 11318 | Bailey   | Acquired the ring of Beogh's Grace {rPois rF+ rN+ Str+3}
 11585 | Bailey   | Noticed an orc knight
 11587 | Bailey   | Reached **** piety under Sif Muna
 11591 | Bailey   | Killed an orc knight
 11592 | Bailey   | Reached skill level 10 in Spellcasting
 11881 | Bailey   | Identified the +3 great sword "Nuonergh" {freeze, Str+4
                  | SInv}
 11881 | Bailey   | Identified the +1 ring mail of the Moon {rCorr}
 11881 | Bailey   | Noticed an orc high priest
 11959 | Bailey   | Killed an orc high priest
 12111 | Bailey   | Found an iron altar of Okawaru.
 12112 | Bailey   | Noticed an orc high priest
 12119 | Bailey   | Killed an orc high priest
 12120 | Bailey   | Reached XP level 12. HP: 74/78 MP: 3/26
 12394 | D:10     | Found a snail-covered altar of Cheibriados.
 12757 | D:10     | Found a broken altar of Ashenzari.
 12914 | D:10     | Found a runed translucent door.
 12914 | D:10     | Noticed Palms's ghost (journeyman VSFi)
 13047 | D:10     | Found an iron altar of Okawaru.
 13153 | D:10     | Found a blossoming altar of Fedhas.
 13226 | D:11     | Noticed a boulder beetle
 13233 | D:10     | Reached skill level 11 in Earth Magic
 13410 | D:11     | Killed a boulder beetle
 13884 | D:11     | Noticed a two-headed ogre
 13890 | D:11     | Killed a two-headed ogre
 14032 | D:11     | Upgraded the game from 0.30-a0-702-gdf48620a09 to
                  | 0.30-a0-711-gf4ac18a38d
 14054 | D:11     | Reached skill level 10 in Conjurations
 14055 | D:11     | Reached ***** piety under Sif Muna
 14056 | D:11     | Received a gift from Sif Muna
 14059 | D:11     | Got Sif Muna's Opusculum on the Glacier and Fumes {god
                  | gift}
 14066 | D:11     | Learned a level 5 spell: Lightning Bolt
 14528 | D:12     | Found a staircase to the Orcish Mines.
 14539 | D:12     | Reached skill level 1 in Air Magic
 14946 | D:12     | Noticed a two-headed ogre
 14952 | D:12     | Killed a two-headed ogre
 15305 | D:12     | Reached XP level 13. HP: 68/85 MP: 6/28
 15631 | D:12     | Reached skill level 1 in Necromancy
 16254 | D:12     | Noticed Rupert
 16485 | D:13     | Found a frozen archway.
 16618 | IceCv    | Entered an ice cave
 16813 | IceCv    | Reached skill level 12 in Earth Magic
 17690 | IceCv    | Received a gift from Sif Muna
 17695 | IceCv    | Got Sif Muna's Thoughts on the Planar Barrage {god gift}
 17956 | D:13     | Noticed a six-headed hydra
 17962 | D:13     | Killed a six-headed hydra
 18211 | D:13     | Noticed a centaur warrior
 18224 | D:13     | Killed a centaur warrior
 18714 | D:13     | Shot with a bolt by a tengu warrior

Illustrated notes

Levels and vault maps discovered:
D:1:      minmay_arrival_widening_spiral_wide, layout_loops_corners
D:2:      layout_loops_cross, lemuel_flame_loot_1, uniq_natasha, uniq_sigmund
D:3:      layout_loops_ring, lightli_temple_of_fire
D:4:      layout_basic, nicolae_wu_jian_glorious_leap,
          nicolae_ru_the_path_less_chosen, minivault_27, uniq_grinder
D:5:      layout_loops_cross, minmay_temple_entry_statues_pillars, minivault_14,
          hangedman_decor_opposing, chequers_serial_rivers_micro_a
D:6:      layout_loops_cross, nicolae_overflow_hidden_temple, serial_rivers,
          chequers_serial_rivers_micro_a, chequers_serial_rivers_large_a,
          chequers_serial_rivers_micro_e, chequers_serial_rivers_micro_c,
          chequers_serial_rivers_room_b, chequers_serial_rivers_small_3,
          minmay_stone_trees_medium, kennysheep_generic_room_13
D:7:      layout_basic
D:8:      hangedman_cross_stitches, layout_cave_pools, serial_column_ruins,
          column_ruins_hut, column_ruins_corridor_straight,
          column_ruins_corridor_dead_end, column_ruins_grid_1,
          column_ruins_columns_dead_end, column_ruins_open_tiny, minmay_radiant,
          uniq_erica
D:9:      layout_long_grid, david_lair_shrubbed, billiards_dpeg
D:10:     layout_basic, nicolae_ashenzari_skybound, okawaru_altar_gauntlet_db,
          mainiacjoe_overflow_big_doors, gammafunk_ghost_grave, enter_bailey_3
D:11:     layout_loops_ring
D:12:     layout_stronghold, kennysheep_orc_monster_closet_entryway, uniq_rupert
D:13:     wad_lake_hut, layout_gridville, serial_ice, serial_ice_c,
          serial_ice_n, serial_ice_o, serial_ice_i, serial_ice_a, serial_ice_g,
          portal_ice_cave_demonic_guard, minmay_holes
Temple:   eino_temple_lava

Skill      XL: |  1  2  3  4  5  6  7  8  9 10 11 12 13 |
---------------+----------------------------------------+-----
Spellcasting   | 3 4 5 6 7 8 10 11 | 11.9
Conjurations   | 1 2 3 4 5 7 9 10 11 | 11.0
Earth Magic    | 4 5 6 8 9 10 11 12 | 12.6
Fighting       | 1 2 3 |  3.0
Dodging        | 3 4 |  4.9
Armour         | 2 3 4 |  4.6
Air Magic      | 2 4 |  4.5
Necromancy     | 1 |  1.5
Long Blades    | |  0.1
Stealth        | |  2.0
Shields        | |  0.1
Transmutations | |  1.0

Action                     |  1- 3 |  4- 6 |  7- 9 | 10-12 | 13-15 || total
---------------------------+-------+-------+-------+-------+-------++-------
  Melee: Dagger            |    11 |     5 |    22 |    21 |       ||    59
         Punch             |       |       |     1 |       |       ||     1
         Great sword       |       |       |       |    30 |     3 ||    33
  Throw: Dart              |       |       |       |     1 |       ||     1
   Cast: Sandblast         |    38 |    48 |   126 |   106 |       ||   318
         Stone Arrow       |       |       |    28 |   262 |   127 ||   417
         Borgnjor's Vile C |       |       |       |     9 |     9 ||    18
  Evoke: Wand              |       |       |       |     1 |       ||     1
    Use: Potion            |       |       |       |     1 |       ||     1
         Scroll            |       |       |       |    14 |     1 ||    15
   Stab: Sleeping          |     1 |       |       |       |       ||     1
 Armour: Robe              |     5 |     7 |    24 |       |       ||    36
         Troll leather arm |       |       |     1 |    31 |     9 ||    41
         Ring mail         |       |       |       |       |    11 ||    11
  Dodge: Dodged            |     5 |    14 |    51 |   124 |    48 ||   242
  Block: Other             |       |       |       |       |     6 ||     6

Table legend: (Time is in decaauts)
 A = Elapsed time spent in this place.
 B = Non-inter-level travel time spent in this place.
 C = Inter-level travel time spent in this place.
 D = Time resting spent in this place.
 E = Time spent auto-exploring this place.
 F = Levels seen in this place.
 G = Mean time per level.
                   A        B        C        D        E       F      G
               +--------+--------+--------+--------+--------+-----+--------+
         Total |  18934 |  18473 |    461 |   4328 |   9088 |  16 | 1183.4 |
       Dungeon |  16217 |  15756 |    461 |   2662 |   8992 |  13 | 1247.5 |
        Temple |     37 |     37 |      0 |      0 |     11 |   1 |   37.0 |
        Bailey |   1442 |   1442 |      0 |    948 |      0 |   1 | 1442.0 |
      Ice Cave |   1236 |   1236 |      0 |    718 |     85 |   1 | 1236.0 |
               +--------+--------+--------+--------+--------+-----+--------+

Top non-repeatable levels by time:
    D:12: 1735 daAuts
     D:7: 1637 daAuts
     D:8: 1547 daAuts
    D:11: 1516 daAuts
  Bailey: 1442 daAuts
     D:2: 1397 daAuts
     D:9: 1341 daAuts
   IceCv: 1236 daAuts
    D:10: 1230 daAuts
     D:4: 1140 daAuts
     D:6: 1049 daAuts
     D:1: 1012 daAuts
     D:5: 938 daAuts
    D:13: 915 daAuts
     D:3: 754 daAuts
